 Dungeon Crawl Stone Soup version 0.16.1 (webtiles) character file.

4186 wojtek the Reanimator (level 10, 0/60 HPs)
             Began as a Kobold Assassin on Mar 22, 2015.
             Was a High Priest of Makhleb.
             Slain by a sun demon (19 damage)
             ... summoned by a kobold demonologist
             ... on level 10 of the Dungeon on Mar 23, 2015.
             The game lasted 00:26:04 (12254 turns).

wojtek the Reanimator (Kobold Assassin)            Turns: 12254, Time: 00:26:04

Health: 0/60       AC:  8    Str:  9    XL:     10   Next: 53%
Magic:  18/18      EV: 20    Int: 12    God:    Makhleb [*****.]
Gold:   380        SH:  0    Dex: 19    Spells: 1 memorised, 5 levels left

rFire  . . .     SeeInvis .     A - +1 short sword (drain)
rCold  . . .     Clarity  .     c - +0 robe
rNeg   . . .     SustAb   +     (no shield)
rPois  +         Gourm    .     l - +1 helmet
rElec  .         Spirit   .     d - +0 cloak
rCorr  .         Warding  .     (no gloves)
rMut   .         Stasis   .     F - +2 pair of boots
MR     .....                    (no amulet)
Stlth  ++++......               S - ring of sustain abilities
                                B - ring of poison resistance

@: not resistant to hostile enchantments, stealthy
A: carnivore 3
a: Minor Destruction, Lesser Servant of Makhleb, Major Destruction, Greater
Servant of Makhleb, Renounce Religion


You were on level 10 of the Dungeon.
You worshipped Makhleb.
Makhleb was extremely pleased with you.
You were not hungry.

You visited 2 branches of the dungeon, and saw 11 of its levels.
You also visited: Ossuary.

You collected 380 gold pieces.

Inventory:

Hand weapons
 a - a +2 dagger
 b - a +0 blowgun
 A - a +1 short sword of draining (weapon)
 V - the +4 quarterstaff of Cumir {vamp, Dex+4}
   (You found it on level 9 of the Dungeon)

   It inflicts no extra harm, but heals its wielder somewhat when it strikes a
   living foe.
   It affects your dexterity (+4).
Missiles
 e - 97 poisoned needles
 f - 2 curare-tipped needles
 N - 4 throwing nets (quivered)
Armour
 c - a +0 robe (worn)
 d - a +0 cloak (worn)
 l - a +1 helmet (worn)
 F - a +2 pair of boots (worn)
Jewellery
 B - a ring of poison resistance (left hand)
 S - a ring of sustain abilities (right hand)
Magical devices
 m - a wand of frost (0)
 H - a wand of lightning (2)
 T - a wand of enslavement (19)
 U - a wand of enslavement (17)
 Y - a wand of disintegration (15)
Scrolls
 h - 8 scrolls of identify
 j - 3 scrolls of enchant weapon {unknown}
 k - 3 scrolls of magic mapping {unknown}
 n - 3 scrolls of noise {unknown}
 o - 5 scrolls of remove curse
 p - a scroll of fog
 q - 3 scrolls of immolation {unknown}
 s - a scroll of fear {unknown}
 u - a scroll of blinking {unknown}
 w - a scroll of silence {unknown}
 y - 3 scrolls of amnesia {unknown}
 I - a scroll of acquirement {unknown}
 L - 3 scrolls of teleportation {unknown}
 M - a scroll of enchant armour {unknown}
 R - a scroll of recharging {unknown}
Potions
 i - a potion of might
 r - a potion of mutation {unknown}
 t - 2 potions of haste {unknown}
 x - 3 potions of poison {unknown}
 z - 4 potions of curing {unknown}
 C - a potion of ambrosia {unknown}
 D - 5 potions of magic
 J - a potion of heal wounds {unknown}
 K - a potion of agility {unknown}
 P - a potion of invisibility
 Q - a potion of cancellation {unknown}
 X - a potion of restore abilities {unknown}
 Z - a potion of resistance {unknown}
Books
 E - a book of Unlife

   Spells                             Type                      Level
   a - Recall                         Summoning/Translocation      3
   b - Animate Dead                   Necromancy                   4
   c - Control Undead                 Necromancy                   4
   d - Cigotuvi's Embrace             Necromancy                   5
   e - Death Channel                  Necromancy                   6
   f - Simulacrum                     Ice/Necromancy               6
 W - the Compendium of Displaced Good Luck
   (You found it on level 9 of the Dungeon)

   Spells                             Type                      Level
   a - Apportation                    Translocation                1
   b - Song of Slaying                Charms                       2
   c - Spectral Weapon                Hexes/Charms                 3
   d - Portal Projectile              Translocation                3
   e - Warp Weapon                    Charms/Translocation         5
Comestibles
 g - 8 meat rations
 v - a slice of pizza
 G - 6 beef jerkies
 O - a royal jelly


   Skills:
 + Level 6.2 Fighting
 - Level 8.4 Short Blades
 - Level 2.6 Throwing
 + Level 6.4 Dodging
 - Level 5.3 Stealth
 - Level 9.8 Necromancy
 + Level 4.9 Invocations


You had 5 spell levels left.
You knew the following spells:

 Your Spells              Type           Power        Failure   Level  Hunger
a - Animate Dead          Necr           N/A          8%          4    #####..


Dungeon Overview and Level Annotations

Branches:
Dungeon (10/15)            Temple (1/1) D:5            Lair (0/8) D:9
    Orc (0/4) D:9

Altars:
Ashenzari
Cheibriados
Dithmenos
Elyvilon
Fedhas
Gozag
Kikubaaqudgha
Makhleb
Nemelex Xobeh
Okawaru
Qazlal
Ru
Sif Muna
Trog
Vehumet
Xom
Yredelemnul
Zin
The Shining One
Beogh

Annotations:
D:4 exclusion: ogre


Innate Abilities, Weirdness & Mutations

You are small and have problems with some larger weapons.
You are carnivorous and can eat meat at any time.


Message History

The smoke demon completely misses you.
The smoke demon hits you but does no damage.
The smoke demon hits you.
You completely miss the kobold demonologist.
The sun demon misses you. The hound misses you.
The kobold demonologist hits you but does no damage.
You closely miss the kobold demonologist.
The hound completely misses you. The smoke demon gestures at you.
Something smites you!
The sun demon hits you but does no damage.
A hellwing opens the door.
Read which item? (? for menu, Esc to quit)
Okay, then.
You hit the kobold demonologist.
The kobold demonologist is lightly wounded.
The hound completely misses you.
The kobold demonologist hits you with a dagger.
The sun demon hits you!!
You die...

.....#..#.#...#.#
.....#.#..#.....##
.#.#.#....#.#..#.. .#
.#.#..####..#..#.##.#
...#........#..#....#
...####..####..#....+
...............#4#..#
.....#......#..'K3..####.
............# #@h.......
....###.....####3#....#..
.##.# #..........# .....
...)# #.............####
....# #.............#
....# #..#.......##.#
.##.# #..#...#........ .
..# #..#............ ..#
. .......####


You could see a sun demon, a hellwing, a kobold demonologist, a smoke demon and
a hound.

Vanquished Creatures
  Pikel (D:9)
  2 hungry ghosts
  2 hippogriffs
  Edmund (D:9)
  A water moccasin (D:9)
  A black bear (D:7)
  A phantom (D:7)
  2 ice beasts (D:6)
  A sky beast (D:8)
  4 centaurs
  4 ogres
  Duvessa (D:6)
  A big kobold (D:7)
  A crocodile (D:9)
  2 giant frogs
  A scorpion (D:9)
  5 goliath beetles
  Dowan (D:6)
  5 crimson imps
  2 giant frog skeletons
  4 orc wizards
  3 hounds
  4 orc priests
  2 worker ants
  5 big kobold zombies (Ossuary)
  Ijyb (D:6)
  A hound zombie (D:8)
  A hound skeleton (D:7)
  A mummy (Ossuary)
  5 adders
  16 gnolls
  5 river rats (D:9)
  A shadow imp (D:9)
  2 giant mites
  2 worms
  3 oozes
  25 orcs
  4 spectral bats (Ossuary)
  16 bats
  5 bat simulacra (Ossuary)
  A bat zombie (D:7)
  3 giant cockroaches
  7 gnoll zombies (Ossuary)
  18 goblins
  17 hobgoblins
  9 jackals
  3 quokkas
  2 ball pythons (D:4)
  4 giant geckos
  A giant gecko zombie (D:5)
  4 giant newts
  2 giant spores
  4 goblin zombies (Ossuary)
  5 hobgoblin zombies (Ossuary)
  25 kobolds
  5 kobold simulacra (Ossuary)
  3 kobold zombies (Ossuary)
  6 orc zombies (Ossuary)
  A quokka zombie (D:9)
  26 rats
  3 rat simulacra (Ossuary)
  4 spectral goblins (Ossuary)
  2 spectral kobolds (Ossuary)
  3 spectral rats (Ossuary)
  2 ballistomycetes
305 creatures vanquished.

Vanquished Creatures (collateral kills)
  A hippogriff (D:8)
  An orc priest (D:9)
  An adder (D:9)
  A river rat (D:9)
  2 orcs (D:9)
  A bat (D:9)
  A kobold (D:8)
  A rat (D:9)
9 creatures vanquished.

Vanquished Creatures (others)
  A deep elf fighter (D:9)
  An orc zombie (D:9)
  3 bat zombies (D:9)
  3 river rat zombies (D:9)
  A bat (D:9)
  A rat (D:9)
  A rat skeleton (D:9)
  5 rat zombies (D:9)
16 creatures vanquished.

Grand Total: 330 creatures vanquished

Notes
Turn   | Place    | Note
--------------------------------------------------------------
     0 | D:1      | wojtek, the Kobold Assassin, began the quest for the Orb.
     0 | D:1      | Reached XP level 1. HP: 12/12 MP: 1/1
   147 | D:1      | Reached XP level 2. HP: 17/17 MP: 2/2
   530 | D:1      | Reached XP level 3. HP: 21/21 MP: 3/3
   771 | D:2      | Found an iron altar of Okawaru.
   833 | D:2      | HP: 1/21 [jackal (3)]
  1198 | D:2      | Reached skill level 5 in Short Blades
  1212 | D:2      | Reached XP level 4. HP: 23/26 MP: 4/4
  1776 | D:2      | Reached skill level 6 in Short Blades
  2067 | D:3      | Reached XP level 5. HP: 30/30 MP: 5/5
  2086 | D:3      | Reached skill level 7 in Short Blades
  2447 | D:3      | Reached XP level 6. HP: 31/35 MP: 6/6
  3965 | D:5      | Entered Level 5 of the Dungeon
  4044 | D:5      | Reached XP level 7. HP: 35/41 MP: 7/7
  4122 | D:5      | Found a staircase to the Ecumenical Temple.
  4214 | Temple   | Entered the Ecumenical Temple
  4463 | Temple   | Became a worshipper of Makhleb the Destroyer
  4900 | D:5      | Reached skill level 1 in Invocations
  5494 | D:6      | Noticed Ijyb
  5500 | D:6      | Killed Ijyb
  5561 | D:6      | Found a sand-covered staircase.
  5594 | Ossuary  | Entered an ossuary
  6004 | Ossuary  | Acquired Makhleb's first power
  6465 | Ossuary  | Acquired Makhleb's second power
  7169 | D:6      | Reached XP level 8. HP: 32/48 MP: 9/11
  7441 | D:6      | Reached skill level 5 in Fighting
  7441 | D:6      | Reached skill level 5 in Dodging
  7513 | D:6      | Reached skill level 8 in Short Blades
  7833 | D:6      | Found a sacrificial altar of Ru.
  7852 | D:6      | Noticed Duvessa
  7872 | D:6      | Killed Duvessa
  7877 | D:6      | Noticed Dowan
  7897 | D:6      | Killed Dowan
  8166 | D:6      | Upgraded the game from 0.16.0-18-g484a79e to 0.16.1
  8298 | Temple   | Learned a level 4 spell: Animate Dead
  8471 | D:7      | Reached skill level 1 in Necromancy
  8786 | D:7      | Acquired Makhleb's third power
  8850 | D:7      | Reached XP level 9. HP: 55/55 MP: 15/15
  9562 | D:7      | Reached skill level 5 in Necromancy
  9748 | D:7      | Acquired Makhleb's fourth power
 10496 | D:8      | Found an opulent altar of Gozag.
 10496 | D:8      | Found a glowing silver altar of Zin.
 10497 | D:8      | Found a deep blue altar of Sif Muna.
 10875 | D:9      | Reached XP level 10. HP: 60/60 MP: 17/17
 10963 | D:9      | Noticed Edmund
 11011 | D:9      | Killed Edmund
 11011 | D:9      | Reached skill level 9 in Necromancy
 11033 | D:9      | Acquired Makhleb's fifth power
 11058 | D:9      | Noticed Pikel
 11100 | D:9      | Killed Pikel
 11118 | D:9      | Got a translucent quarterstaff
 11183 | D:9      | Found a staircase to the Orcish Mines.
 11206 | D:9      | Found a roughly hewn altar of Beogh.
 11318 | D:9      | Identified the Compendium of Displaced Good Luck
 11633 | D:9      | Found a staircase to the Lair.
 11887 | D:9      | Identified the +4 quarterstaff of Cumir {vamp, Dex+4} (You found it on level 9 of the Dungeon)
 11907 | D:10     | Entered Level 10 of the Dungeon
 12244 | D:10     | Noticed a sun demon
 12246 | D:10     | Noticed a smoke demon
 12254 | D:10     | Slain by a sun demon

Action                   |  1- 3 |  4- 6 |  7- 9 | 10-12 || total
-------------------------+-------+-------+-------+-------++-------
Melee: Dagger            |   104 |   269 |   529 |       ||   902
       Short sword       |       |       |   266 |   286 ||   552
 Fire: Blowgun           |       |    21 |    15 |       ||    36
 Cast: Animate Dead      |       |       |     5 |     5 ||    10
Evoke: Wand              |       |       |     2 |     1 ||     3
  Use: Potion            |     1 |       |       |       ||     1
       Scroll            |       |     2 |     4 |     1 ||     7
 Stab: Sleeping          |     9 |    13 |    36 |     4 ||    62
       Distracted        |       |       |     3 |       ||     3
  Eat: Chunk             |     9 |     8 |    24 |     7 ||    48
